Map: Echo LE (Void)

Players

Bop - Winner!

  • Race: Terran Terran

Waffelz

  • Race: Protoss Protoss

VOD

Have the link to the VOD?

Description

Time

  • Played on: May 1, 2015, 3:43 a.m.
  • Length: 7:12
Show
View Real Time Build Order
Export as new Build Order

Bop Terran - Winner!

Build Orders: Reaper Expand 

Get SALT Encoding   

  12  0:00  SCV  
  13  0:13  SCV  
  14  0:17  Supply Depot  
  14  0:25  SCV  
  15  0:39  SCV, Barracks  
  16  0:45  Refinery  
  16  0:51  SCV  
  17  1:03  SCV  
  18  1:15  SCV  
  18  1:16  Supply Depot  
  19  1:27  Orbital Command  
  19  1:29  Reaper  
  20  1:48  Command Center  
  20  1:53  SCV  
  21  2:01  Reaper  
  23  2:08  SCV  
  23  2:13  Barracks  
  23  2:20  SCV  
  24  2:24  Refinery  
  24  2:32  SCV  
  24  2:33  Reaper  
  26  2:44  SCV  
  27  2:55  Command Center  
  27  2:56  SCV  
  28  3:01  Factory  
  28  3:07  Reaper x2  
  28  3:09  SCV  
  31  3:13  Orbital Command  
  31  3:24  SCV  
  32  3:36  SCV  
  33  3:44  SCV  
  33  3:46  Factory Tech Lab  
  34  3:48  SCV  
  34  3:50  Barracks Reactor, Barracks Tech Lab  
  34  3:51  Starport  
  34  3:52  Barracks  
  35  3:56  SCV  
  35  4:01  SCV  
  37  4:04  Supply Depot  
  37  4:08  SCV  
  37  4:09  Orbital Command  
  38  4:10  Cyclone  
  38  4:13  SCV  
  42  4:20  SCV, Supply Depot  
  43  4:25  SCV  
  43  4:26  Marine  
  43  4:27  Marine x2  
  43  4:30  Stimpack  
  47  4:33  SCV  
  47  4:34  Refinery  
  47  4:37  SCV  
  49  4:44  SCV, Marine x2  
  49  4:45  SCV  
  53  4:46  Supply Depot  
  53  4:48  Medivac  
  53  4:49  SCV  
  56  4:56  SCV  
  56  4:57  SCV, Engineering Bay  
  56  4:58  Refinery  
  56  4:59  Missile Turret  
  58  5:00  Missile Turret  
  58  5:01  Marine  
  58  5:02  Barracks Reactor  
  58  5:06  SCV  
  60  5:08  SCV  
  60  5:10  Supply Depot  
  60  5:11  Marine x2  
  63  5:19  SCV  
  64  5:21  Marine  
  64  5:22  Supply Depot  
  64  5:23  Cyclone  
  68  5:29  Marine x2  
  69  5:39  Marine  
  69  5:44  Marine x2  
  69  5:46  Marine, Medivac  
  69  5:47  Marine  
  69  5:48  SCV x3  
  78  5:52  Supply Depot  
  81  5:57  Marine  
  81  6:02  Reaper  
  81  6:03  Orbital Command  
  83  6:15  Barracks  
  83  6:16  Barracks  
  83  6:17  Starport Reactor  
  80  6:24  Marine x4  
  80  6:25  Armory, Engineering Bay  
  84  6:26  Missile Turret  
  84  6:29  Factory Reactor  
  84  6:34  SCV x2, Marine  
  82  6:42  Marine x4  
  82  6:44  SCV  
  82  6:46  SCV  
  82  6:48  Missile Turret  
  81  6:55  SCV  
  88  7:04  Barracks Reactor, Barracks Tech Lab  
Show
View Real Time Build Order
Export as new Build Order

Waffelz Protoss 

Build Orders:  

Get SALT Encoding   

  12  0:01  Probe  
  13  0:13  Pylon  
  13  0:20  Probe  
  14  0:33  Probe (Chrono Boost)  
  14  0:35  Gateway  
  16  0:44  Probe (Chrono Boost)  
  16  0:50  Probe (Chrono Boost), Assimilator  
  17  1:02  Probe (Chrono Boost)  
  18  1:06  Pylon  
  18  1:13  Probe (Chrono Boost)  
  19  1:20  Probe (Chrono Boost)  
  19  1:23  Cybernetics Core  
  20  1:31  Probe  
  21  1:43  Probe  
  22  1:52  Nexus  
  23  2:03  Mothership Core (Chrono Boost)  
  24  2:13  Stalker  
  25  2:17  Probe (Chrono Boost), Assimilator  
  26  2:27  Pylon  
  26  2:29  Probe  
  27  2:31  Warp Gate  
  27  2:41  Probe (Chrono Boost)  
  28  2:53  Probe (Chrono Boost)  
  29  3:00  Probe (Chrono Boost), Robotics Facility  
  30  3:09  Probe (Chrono Boost)  
  30  3:11  Stalker  
  34  3:14  Probe (Chrono Boost)  
  34  3:21  Probe (Chrono Boost)  
  34  3:25  Probe (Chrono Boost)  
  35  3:28  Probe (Chrono Boost)  
  36  3:34  Probe (Chrono Boost)  
  36  3:36  Twilight Council  
  36  3:40  Probe (Chrono Boost)  
  38  3:44  Probe (Chrono Boost)  
  38  3:46  Probe (Chrono Boost)  
  40  3:51  Probe  
  40  3:55  Observer (Chrono Boost)  
  42  3:56  Probe  
  42  4:09  Observer (Chrono Boost)  
  43  4:14  Gateway  
  43  4:16  Gateway  
  44  4:17  Probe  
  44  4:22  Probe, Assimilator  
  43  4:24  Assimilator  
  43  4:29  Probe  
  43  4:31  Blink (Chrono Boost)  
  44  4:37  Probe  
  45  4:38  Pylon  
  45  4:41  Pylon  
  45  4:44  Zealot  
  47  4:48  Probe  
  47  4:49  Probe  
  49  4:56  Warp Prism (Chrono Boost)  
  51  5:00  Probe  
  51  5:01  Probe  
  53  5:08  Stalker  
  53  5:12  Probe  
  56  5:20  Stalker  
  56  5:21  Stalker  
  60  5:30  Probe  
  60  5:32  Stalker  
  63  5:38  Immortal (Chrono Boost)  
  67  5:43  Gateway  
  67  5:46  Probe x2  
  67  5:58  Probe  
  67  5:59  Templar Archives  
  67  6:02  Pylon  
  68  6:05  Pylon x2  
  68  6:21  Observer, Zealot  
  65  6:40  Zealot x2  
  65  6:44  Probe  
  60  6:52  Zealot  
  60  6:53  Zealot  
  64  7:09  Zealot  
Tags
 
Add a new tag
Caveats
  • Supply blocks, unpowered buildings, or Contaminate may cause inaccurate times.
  • Supply counts are checked every 10 seconds.